 Dungeon Crawl Stone Soup version 0.30-a0-643-g638baaf3f0 (webtiles) character file.

Game seed: 10728407670606862530

59 Morbidden the Gusty (level 4, 0/24 HPs)
             Began as a Tengu Air Elementalist on Jan 16, 2023.
             Succumbed to Sigmund's poison
             ... on level 2 of the Dungeon.
             The game lasted 00:01:28 (1973 turns).

Morbidden the Gusty (Tengu Air Elementalist)        Turns: 1973, Time: 00:01:29

Health: 0/24       AC:  2    Str:  9    XL:     4   Next: 3%
Magic:  7/8        EV: 12    Int: 17    God:
Gold:   35         SH:  0    Dex: 14    Spells: 6/7 levels left

rFire   . . .      SeeInvis .    (no weapon)
rCold   . . .      Faith    .    (no shield)
rNeg    . . .      Spirit   .    a - +0 robe
rPois   .          Reflect  .    (helmet restricted)
rElec   .          Harm     .    (no cloak)
rCorr   .          Rampage  .    (no gloves)
Will    .....                    (boots unavailable)
Stlth   ++                       (no amulet)
HPRegen 0.24/turn                (no ring)
MPRegen 0.11/turn                (no ring)

@: lethally poisoned (0 -> -1)
A: beak, talons 3
a: no special abilities


You were on level 2 of the Dungeon.
You visited 1 branch of the dungeon, and saw 2 of its levels.

You collected 35 gold pieces.

Inventory:

Armour
 a - a +0 robe (worn)
 f - a +0 kite shield
Scrolls
 d - 2 scrolls of teleportation {unknown}
 h - a scroll of torment {unknown}
 j - 2 scrolls of identify {unknown}
 k - a scroll of amnesia {unknown}
Potions
 b - a potion of magic
 c - a potion of ambrosia {unknown}
 e - 2 potions of heal wounds {unknown}
 g - 2 potions of haste {unknown}
 i - 2 potions of mutation {unknown}
 l - a potion of curing {unknown}
 m - a potion of degeneration {unknown}


   Skills:
 * Level 0.7 Fighting
 * Level 0.6 Armour
 * Level 2.8 Dodging
 + Level 2.1 Stealth
 * Level 0.5 Shields
 * Level 2.2 Spellcasting
 * Level 2.1 Conjurations
 * Level 4.7 Air Magic


You had 6 spell levels left.
You knew the following spells:

 Your Spells              Type           Power      Damage    Failure   Level
a - Shock                 Conj/Air       52%        1d6       4%          1

Your spell library contained the following spells:

 Spells                   Type           Power      Damage    Failure   Level
 Static Discharge         Conj/Air       26%        2-4/arc   7%          2
 Swiftness                Air            18%        N/A       9%          3
 Freeze                   Ice            4%         1d3       19%         1
 Sandblast                Erth           2%         2d4       19%         1
 Airstrike                Air            9%         2d(2-18)  26%         4
 Passwall                 Tmut/Erth      0%         N/A       28%         2
 Hailstorm                Conj/Ice       5%         3d4       36%         3
 Stone Arrow              Conj/Erth      10%        3d7       36%         3
 Frozen Ramparts          Ice            2%         1d1       50%         3


Dungeon Overview and Level Annotations

Branches:
Dungeon (2/15)

Altars:

Annotations:
D:2 Sigmund


Innate Abilities, Weirdness & Mutations

You have a beak for a mouth.
You have claws for feet.


Message History

You're too confused to cast spells.
There are monsters nearby!
Unknown command.
Unknown command.
You bump into the rock wall.
Sigmund mumbles some strange words.
Sigmund flickers and vanishes!
Deactivating autopickup; reactivate with Ctrl-A.
You bump into the rock wall.
The goblin closely misses you. Something barely misses you.
You feel less confused. The goblin hits you but does no damage.
You are confused.
The goblin barely misses you. The goblin closely misses you.
You're too confused to move!
Something hits you. The goblin completely misses you.
The ball python barely misses you. The ball python completely misses you.
Something hits you!
You are poisoned.
The goblin attacks as you move away! The goblin completely misses you.
You feel less confused.
You feel very sick. The goblin attacks as you move away!
The goblin hits you but does no damage.
You feel sick.
You feel sick. The ball python barely misses you. The ball python grabs you.
The ball python constricts you.
You escape the ball python's grasp.
The goblin attacks as you move away! The goblin closely misses you.
You feel sick.
You feel sick.
You feel sick. The goblin attacks as you move away!
The goblin hits you with a +0 club.
* * * LOW HITPOINT WARNING * * *
x2 You feel sick.
* * * LOW HITPOINT WARNING * * *
You feel sick.
* * * LOW HITPOINT WARNING * * *
You feel sick. The goblin attacks as you move away!
The goblin hits you but does no damage.
You die...

..........######.#.........#
...........................#
#................#.........#
...........####..#......>..#
..........## ##S#.........#
..........# #.#.........#
..........# #g###########
..........# #.# ..........#
#@# .#......#...# #.#
.###...).##.# ... ..##.....
........ # ##.... .#...... #
#.... ....>.... # .....
###....... ######.#.
#.......# ..##


You could see a goblin and a ball python.

Vanquished Creatures
  An adder (D:2)
  A worm (D:2)
  6 bats
  10 endoplasms
  3 giant cockroaches (D:2)
  4 goblins (D:1)
  3 hobgoblins
  3 jackals (D:1)
  A quokka (D:2)
  3 ball pythons (D:1)
  A frilled lizard (D:1)
  2 kobolds
  2 rats (D:1)
40 creatures vanquished.

Notes
Turn   | Place    | Note
-------+----------+-------------------------------------------
     0 | D:1      | Morbidden the Tengu Air Elementalist began the quest for
                  | the Orb.
     0 | D:1      | Reached XP level 1. HP: 10/10 MP: 4/4
   234 | D:1      | Reached XP level 2. HP: 16/16 MP: 1/6
   818 | D:1      | Reached XP level 3. HP: 20/20 MP: 2/7
  1816 | D:2      | Reached XP level 4. HP: 24/24 MP: 4/8
  1949 | D:2      | Noticed Sigmund
  1971 | D:2      | HP: 1/24 [poisoned by Sigmund]
  1973 | D:2      | Succumbed to Sigmund's poison

Illustrated notes

Levels and vault maps discovered:
D:1:      dpeg_arrival_arbitrary_b, layout_loops_cross
D:2:      layout_rooms, uniq_sigmund

Skill      XL: |  1  2  3 |
---------------+----------+-----
Conjurations   | 2 |  2.1
Fighting       | |  0.7
Armour         | |  0.6
Dodging        | |  2.8
Stealth        | |  2.1
Shields        | |  0.5
Spellcasting   | |  2.2
Air Magic      | |  4.7

Action                   |  1- 3 |  4- 6 || total
-------------------------+-------+-------++-------
Melee: Unarmed           |     1 |       ||     1
       Peck              |     1 |       ||     1
 Cast: Shock             |    90 |     5 ||    95
Armor: Robe              |     2 |     3 ||     5
Dodge: Dodged            |     7 |    10 ||    17

Table legend: (Time is in decaauts)
 A = Elapsed time spent in this place.
 B = Non-inter-level travel time spent in this place.
 C = Inter-level travel time spent in this place.
 D = Time resting spent in this place.
 E = Time spent auto-exploring this place.
 F = Levels seen in this place.
 G = Mean time per level.
                   A        B        C        D        E       F      G
               +--------+--------+--------+--------+--------+-----+--------+
         Total |   1972 |   1946 |     26 |      0 |   1722 |   2 |  986.0 |
       Dungeon |   1972 |   1946 |     26 |      0 |   1722 |   2 |  986.0 |
               +--------+--------+--------+--------+--------+-----+--------+

Top non-repeatable levels by time:
     D:1: 1363 daAuts
     D:2: 609 daAuts
